 Dungeon Crawl Stone Soup version 0.22-a0-42-g002c468 (webtiles) character file.

21 sagitran the Magician (level 2, 0/20 HPs)
             Began as a Draconian Wizard on Jan 5, 2018.
             Slain by a jackal (1 damage)
             ... on level 1 of the Dungeon.
             The game lasted 00:03:54 (863 turns).

sagitran the Magician (Draconian Wizard)             Turns: 863, Time: 00:03:55

Health: 0/20       AC:  4    Str:  9    XL:     2   Next: 65%
Magic:  0/6        EV: 12    Int: 18    God:
Gold:   64         SH:  0    Dex:  9    Spells: 0/7 levels left

rFire    . . .     SeeInvis .   g - +0 club
rCold    . . .     Gourm    .   (no shield)
rNeg     . . .     Faith    .   (armour unavailable)
rPois    .         Spirit   .   a - +0 hat
rElec    .         Reflect  .   (no cloak)
rCorr    .         Harm     .   (no gloves)
MR       .....                  (no boots)
Stlth    ++........             (no amulet)
HPRegen  0.06/turn              (no ring)
MPRegen  0.10/turn              (no ring)

@: flying
A: unfitting armour, cold-blooded, AC +4
a: no special abilities


You were on level 1 of the Dungeon.
You were not hungry.

You visited 1 branch of the dungeon, and saw 1 of its levels.

You collected 64 gold pieces.

Inventory:

Hand Weapons
 g - a +0 club (weapon)
 h - a +0 dagger
Armour
 a - a +0 hat (worn)
Scrolls
 d - a scroll of magic mapping {unknown}
Books
 b - a book of Minor Magic

   Spells                             Type                      Level
   a - Magic Dart                     Conjuration                  1
   b - Blink                          Translocation                2
   c - Call Imp                       Summoning                    2
   d - Slow                           Hexes                        2
   e - Conjure Flame                  Conjuration/Fire             3
   f - Mephitic Cloud                 Conjuration/Poison/Air       3
Comestibles
 c - 4 rations
 f - 6 chunks of flesh


   Skills:
 + Level 0.2 Maces & Flails
 + Level 2.0 Dodging
 + Level 2.4 Stealth
 + Level 0.5 Unarmed Combat
 + Level 3.2 Spellcasting
 + Level 1.1 Conjurations
 + Level 1.0 Summonings
 + Level 1.0 Translocations


You couldn't memorise any spells.
You knew the following spells:

 Your Spells              Type           Power        Failure   Level  Hunger
a - Magic Dart            Conj           #...         10%         1    None
b - Blink                 Tloc           N/A          16%         2    ##.....
c - Call Imp              Summ           #.......     16%         2    ##.....
d - Slow                  Hex            #.......     24%         2    ##.....


Dungeon Overview and Level Annotations

Branches:
Dungeon (1/15)

Altars:


Innate Abilities, Weirdness & Mutations

Your plain brown scales are hard. (AC +4)
You cannot fit into any form of body armour.
You are cold-blooded and may be slowed by cold attacks.


Message History

Aim: a jackal (lightly wounded)
The magic dart hits the jackal.
The jackal is lightly wounded.
The jackal bites you but does no damage.
The jackal closely misses you. The jackal bites you.
* * * LOW HITPOINT WARNING * * *
The jackal closely misses you.
Your iron imp hits the jackal.
Something hits your iron imp but does no damage.
You hit the jackal.
The jackal is heavily wounded.
The jackal barely misses you.
The jackal bites you but does no damage.
The goblin hits your iron imp but does no damage.
Your iron imp barely misses the jackal.
The jackal bites you but does no damage.
You closely miss the jackal.
The jackal is heavily wounded.
The jackal bites you.
You die...

#.# #.#.# ###..### #.# #.#.#
#....... #######.# ###.#.#
#.#..... ....>.#.#
#...#.#####.#.#### #####.#.#
#.#.......#.#.. #.#.#
#.#.#.###.#.#### #.#.####
#.#.#.###.#.####.# ##
#.#....#.###........รท........
.#
#.####.#....@....###.###.....
.# #.# #.#####h#.### #[# ###.#
.# #)# #.# ###h#.# #.# # .#
#.# #.# #..h#.# #.# .# #.#
#.###.#5#.# #.# .####.#
#.##.#g.#.# #.# ......#
#.###.###.# #.# .######
#....#....# #.# .# #####.#####
#.#


You could see 3 jackals, a goblin and a friendly iron imp.

Vanquished Creatures
  An ooze (D:1)
  3 giant cockroaches (D:1)
  2 goblins (D:1)
  2 hobgoblins (D:1)
  A jackal (D:1)
  2 bats (D:1)
  3 rats (D:1)
14 creatures vanquished.

Vanquished Creatures (collateral kills)
  A hobgoblin (D:1)
1 creature vanquished.

Grand Total: 15 creatures vanquished

Notes
Turn   | Place    | Note
-------+----------+-------------------------------------------
     0 | D:1      | sagitran the Draconian Wizard began the quest for the Orb.
     0 | D:1      | Reached XP level 1. HP: 14/14 MP: 4/4
   272 | D:1      | Reached XP level 2. HP: 11/20 MP: 0/6
   329 | D:1      | Learned a level 2 spell: Blink
   332 | D:1      | Learned a level 2 spell: Call Imp
   335 | D:1      | Learned a level 2 spell: Slow
   859 | D:1      | HP: 1/20 [jackal (3)]
   863 | D:1      | Slain by a jackal

Vault maps used:
D:1:      co_arrival_random_square_maze, minmay_pentomino_s2

Skill      XL: |  1  2 |
---------------+-------+-----
Stealth        | 2 |  2.4
Dodging        | 2 |  2.0
Maces & Flails | |  0.2
Unarmed Combat | |  0.5
Spellcasting   | |  3.2
Conjurations   | |  1.1
Summonings     | |  1.0
Translocations | |  1.0

Action                   || total
-------------------------++-------
Melee: Unarmed           ||    29
       Tailslap          ||     6
       Club              ||    37
 Cast: Magic Dart        ||    21
       Call Imp          ||     2
  Use: Potion            ||     1
 Stab: Sleeping          ||     1
Armor: Skin              ||    31
Dodge: Dodged            ||    58

Table legend:
 A = Spawn XP
 B = Non-spawn XP
 C = Spawn XP percentage of total XP
 D = Spawn monster count
 E = Non-spawn monster count
 F = Spawn count percentage of total count
 G = Total turns spent on level
                    A         B        C        D         E        F      G
               +---------+---------+-------+---------+---------+-------+---------
         Total |       0 |      31 |   0.0 |       0 |      15 |   0.0 |   863
               +---------+---------+-------+---------+---------+-------+---------
           D:1 |       0 |      31 |   0.0 |       0 |      15 |   0.0 |   863
               +---------+---------+-------+---------+---------+-------+---------
